 Dungeon Crawl Stone Soup version 0.23-a0-143-g1adec7b (webtiles) character file.

125 iamserjio the Caller (level 5, -1/35 HPs)
             Began as an Octopode Summoner on Sept 2, 2018.
             Killed by divine providence
             ... invoked by an orc priest
              (13 damage)
             ... on level 3 of the Dungeon.
             The game lasted 00:04:46 (2940 turns).

iamserjio the Caller (Octopode Summoner)            Turns: 2940, Time: 00:04:47

Health: -1/35      AC:  1    Str:  7    XL:     5   Next: 9%
Magic:  4/8        EV: 13    Int: 19    God:
Gold:   155        SH:  0    Dex: 12    Spells: 4/8 levels left

rFire    . . .     SeeInvis .     - Unarmed
rCold    . . .     Gourm    .   (no shield)
rNeg     . . .     Faith    .   (helmet restricted)
rPois    .         Spirit   .   (no amulet)
rElec    .         Reflect  .   (no ring)
rCorr    .         Harm     .   (no ring)
MR       .....                  (no ring)
Stlth    +++.......             (no ring)
HPRegen  0.11/turn              (no ring)
MPRegen  0.11/turn              (no ring)
                                (no ring)
                                (no ring)

@: no status effects
A: almost no armour, stealthy swim, amphibious, 8 rings, constrict 8, camouflage
1, gelatinous body 1
a: no special abilities


You were on level 3 of the Dungeon.
You were very hungry.

You visited 1 branch of the dungeon, and saw 3 of its levels.

You collected 155 gold pieces.

Inventory:

Missiles
 k - 46 arrows
Jewellery
 a - a +4 ring of protection {unknown}
 l - an uncursed amulet of harm {unknown}
Wands
 o - a wand of disintegration (7)
Scrolls
 c - 4 scrolls of teleportation {unknown}
 d - a scroll of immolation {unknown}
 e - 2 scrolls of noise {unknown}
 g - 2 scrolls of identify {unknown}
 m - a scroll of remove curse {unknown}
 p - a scroll of fear {unknown}
 q - a scroll of magic mapping {unknown}
Potions
 f - 2 potions of agility {unknown}
 h - a potion of haste {unknown}
 i - 2 potions of degeneration {unknown}
 j - 2 potions of brilliance {unknown}
 n - a potion of curing {@q1}
Comestibles
 b - 3 rations


   Skills:
 + Level 2.3 Fighting
 - Level 2.0 Dodging
 - Level 2.6 Stealth
 * Level 3.6 Unarmed Combat
 - Level 2.0 Spellcasting
 - Level 4.0 Summonings


You had 4 spell levels left.
You knew the following spells:

 Your Spells              Type           Power        Failure   Level  Hunger
a - Summon Small Mammal   Summ           ###.         3%          1    #......
b - Call Canine Familiar  Summ           ###.....     10%         3    ###....

Your spell library contained the following spells:

 Spells                   Type           Power        Failure   Level  Hunger
 Call Imp                 Summ           ###.....     4%          2    ###....
 Summon Guardian Golem    Hex/Summ       #.......     22%         3    ###....
 Summon Ice Beast         Ice/Summ       #.......     58%         4    #####..
 Summon Lightning Spire   Summ/Air       #.......     58%         4    #####..


Dungeon Overview and Level Annotations

Branches:
Dungeon (3/15)

Altars:
Makhleb
Wu Jian


Innate Abilities, Weirdness & Mutations

You cannot wear most types of armour.
You are very stealthy in the water. (Stealth+)
You are amphibious.
You can wear up to eight rings at the same time.
You can use your tentacles to constrict eight enemies at once.
Your skin changes colour to match your surroundings (Stealth+).
Your rubbery body absorbs attacks. (AC +1, EV +1)


Message History

Your quokka dies!
Your quokka's corpse disappears in a puff of smoke!
The orc wizard hits your hound with a dagger.
Your hound bites the orc wizard.
The orc wizard points at you and mumbles some strange words.
The puff of frost hits your hound.
Your hound closely misses the orc wizard.
The orc wizard completely misses your hound.
Your hound barely misses the orc wizard.
The orc wizard hits your hound but does no damage.
Your hound barely misses the orc wizard.
The orc wizard gestures at you while chanting.
The puff of flame hits your hound.
The orc priest begins to cast a cantrip, but forgets the words!
The crimson imp blinks!
The orc wizard points at you and mumbles some strange words.
The magic dart hits you!
The orc priest mumbles some strange prayers to Beogh against you.
Beogh smites you!
You die...

........#..[##############
...............o..hooro...
..................####.#.#
............#o###.#
###.#..#..##.....##.#
#......#..##....###..
......#..##h...# ##.# ..
........##....# #o# .o
#.........@...# #..## #.
.....##..#####.##.....ยง.......
.....##..#...#..#...#####..#.
.....##...#...#.#5..##.. ...
.....##..#...#..######.# #.#
.....##..#####..# #.# #.# .
.....##.......).# #.# #.# ...
.....##..#......######.###'###..#
.....###.#.....###..........##..#


You could see an orc priest, an orc wizard, a crimson imp and a friendly hound.

Vanquished Creatures
  Jessica (D:3)
  An iguana (D:3)
  5 adders
  A worm (D:2)
  A dart slug (D:1)
  2 leopard geckos
  2 orcs (D:3)
  2 giant cockroaches (D:2)
  6 goblins
  2 hobgoblins (D:1)
  A quokka (D:2)
  5 bats
  3 frilled lizards
  6 kobolds
  5 rats
43 creatures vanquished.

Vanquished Creatures (collateral kills)
  An orc (D:3)
  A quokka (D:3)
  A bat (D:1)
3 creatures vanquished.

Grand Total: 46 creatures vanquished

Notes
Turn   | Place    | Note
-------+----------+-------------------------------------------
     0 | D:1      | iamserjio the Octopode Summoner began the quest for the
                  | Orb.
     0 | D:1      | Reached XP level 1. HP: 11/11 MP: 3/3
   473 | D:1      | Reached skill level 1 in Unarmed Combat
   479 | D:1      | Reached XP level 2. HP: 17/18 MP: 5/5
  1087 | D:2      | Found a burning altar of Makhleb.
  1207 | D:2      | Reached skill level 1 in Fighting
  1325 | D:2      | Reached XP level 3. HP: 17/23 MP: 4/6
  1409 | D:2      | Learned a level 3 spell: Call Canine Familiar
  1635 | D:2      | Found a faded altar of an unknown god.
  1710 | D:2      | Found an ornate altar of the Wu Jian Council.
  1862 | D:2      | Reached XP level 4. HP: 19/29 MP: 7/7
  2468 | D:3      | Noticed Jessica
  2491 | D:3      | Killed Jessica
  2713 | D:3      | Reached XP level 5. HP: 32/35 MP: 8/8
  2940 | D:3      | Killed from afar by an orc priest

Vault maps used:
D:1:      dpeg_arrival_shrine
D:2:      lemuel_round_altar, lemuel_crystal_altar,
          chequers_ecumenical_altar_simple, serial_bayou_pond_d
D:3:      first_ration, minmay_distorted, uniq_jessica

Skill      XL: |  1  2  3  4 |
---------------+-------------+-----
Unarmed Combat | 1 2 3 |  3.6
Fighting       | 1 2 |  2.3
Dodging        | |  2.0
Stealth        | |  2.6
Spellcasting   | |  2.0
Summonings     | |  4.0

Action                   |  1- 3 |  4- 6 || total
-------------------------+-------+-------++-------
Melee: Unarmed           |    88 |    56 ||   144
       Constrict         |    21 |    17 ||    38
       Tentacles         |     7 |     8 ||    15
       Punch             |     1 |     2 ||     3
 Cast: Summon Small Mamm |     9 |     1 ||    10
       Call Canine Famil |     1 |     4 ||     5
  Use: Potion            |     1 |       ||     1
 Stab: Sleeping          |     4 |     1 ||     5
  Eat: Chunk             |     3 |     3 ||     6
Armor: Skin              |    12 |     1 ||    13
Dodge: Dodged            |    76 |    27 ||   103

Table legend:
 A = Non-vault XP
 B = Vault XP
 C = Vault XP percentage of total XP
 D = Non-vault monster count
 E = Vault monster count
 F = Vault count percentage of total count
                 A         B        C        D         E       F
            +---------+---------+-------+---------+---------+-------
      Total |     149 |      30 |  16.8 |      43 |       3 |   6.5
            +---------+---------+-------+---------+---------+-------
        D:1 |      17 |       0 |   0.0 |      10 |       0 |   0.0
        D:2 |      75 |       0 |   0.0 |      22 |       0 |   0.0
        D:3 |      57 |      30 |  34.5 |      11 |       3 |  21.4
            +---------+---------+-------+---------+---------+-------
